 Dungeon Crawl Stone Soup version 0.28.0-53-g5a82cb258f (webtiles) character file.

Game seed: 13655649209406450600

12255 VictoriousLee the Destroyer (level 11, -16/80 HPs)
             Began as an Octopode Venom Mage on May 27, 2022.
             Was an Initiate of Gozag.
             Demolished by a catoblepas (18 damage)
             ... while petrified by a catoblepas
             ... on level 7 of the Dungeon on June 2, 2022.
             The game lasted 01:16:16 (14410 turns).

VictoriousLee the Destroyer (Octopode Venom Mage)  Turns: 14410, Time: 01:16:16

Health: -16/80     AC:  1    Str:  7    XL:     11   Next: 90%
Magic:  18/18      EV:  2    Int: 21    God:    Gozag
Gold:   565        SH:  0    Dex: 14    Spells: 5/20 levels left

rFire   + . .      SeeInvis +   b - +2 whip (elec)
rCold   + . .      Faith    .   (no shield)
rNeg    + + +      Spirit   .   (helmet restricted)
rPois   ∞          Reflect  +   G - amulet of reflection
rElec   .          Harm     .   C - ring of flight
rCorr   .          Rampage  .   p - ring of protection from fire
Will    .....                   I - ring of see invisible
Stlth   +++.......              R - ring of protection from cold
HPRegen 0.23/turn               (no ring)
MPRegen 0.16/turn               (no ring)
                                (no ring)
                                (no ring)

@: petrified, flying, hasted
A: almost no armour, amphibious, 8 rings, camouflage 1, gelatinous body 1,
(nimble swimmer 1), tentacles
a: Renounce Religion, Potion Petition, Call Merchant, Bribe Branch


You were on level 7 of the Dungeon.
You worshipped Gozag.
Gozag was pleased with you.
You visited 2 branches of the dungeon, and saw 10 of its levels.
You also visited: Sewer and Ossuary.

You collected 1194 gold pieces.
You paid 629 gold pieces to Gozag.

Inventory:

Hand Weapons
 b - a +2 whip of electrocution (weapon)
 y - a +0 dire flail of protection
 E - a +4 whip
 J - a +2 war axe
 N - a +0 vorpal broad axe
 P - a +0 short sword of venom
 S - a +5 battleaxe
 T - a +0 vorpal long sword
 U - a +4 falchion
Missiles
 a - 238 arrows
 c - 217 stones
 i - 81 bolts
 m - 89 sling bullets
 s - 5 boomerangs of dispersal
 t - 6 poisoned darts
 V - 2 boomerangs
 Y - 4 curare-tipped darts
Magical Staves
 H - a staff of cold
Jewellery
 p - a ring of protection from fire (right tentacle)
 C - a ring of flight (left tentacle)
 G - an amulet of reflection (around mantle)
 I - a ring of see invisible (on tentacle)
 R - a ring of protection from cold (on tentacle)
Wands
 e - a wand of polymorph (14)
 o - a wand of iceblast (8)
 B - a wand of flame (2)
 O - a wand of charming (13)
 Z - a wand of digging (3)
Scrolls
 d - 2 scrolls of immolation {unknown}
 f - a scroll of brand weapon
 g - 3 scrolls of teleportation
 l - 3 scrolls of fear {unknown}
 q - a scroll of torment
 w - 4 scrolls of noise {unknown}
 D - a scroll of amnesia {unknown}
 F - 3 scrolls of enchant armour {unknown}
 K - 2 scrolls of summoning {unknown}
 L - a scroll of enchant weapon
 X - a scroll of vulnerability
Potions
 h - 2 potions of lignification
 j - a potion of berserk rage
 k - a potion of resistance {unknown}
 r - 5 potions of attraction
 u - 8 potions of curing
 v - a potion of might
 z - 2 potions of flight
 A - a potion of cancellation


   Skills:
 + Level 9.3 Fighting
 - Level 4.0 Maces & Flails
 - Level 2.0 Dodging
 - Level 2.6 Stealth
 - Level 5.9 Unarmed Combat
 - Level 5.0 Spellcasting
 - Level 11.6 Conjurations
 - Level 1.0 Transmutations
 - Level 5.0 Earth Magic
 - Level 9.0 Poison Magic


You had 5 spell levels left.
You knew the following spells:

 Your Spells              Type           Power      Damage    Failure   Level
a - Sting                 Tmut/Pois      100%       1d8       1%          1
c - Mephitic Cloud        Conj/Pois/Air  34%        N/A       1%          3
p - Passwall              Tmut/Erth      14%        N/A       4%          2
r - Olgreb's Toxic Radia  Pois           43%        N/A       2%          4
s - Stone Arrow           Conj/Erth      80%        3d12      1%          3
v - Poisonous Vapours     Pois/Air       48%        N/A       2%          2

Your spell library contained the following spells:

 Spells                   Type           Power      Damage    Failure   Level
 Sandblast                Erth           52%        2d12      1%          1
 Hailstorm                Conj/Ice       29%        3d8       10%         4
 Gell's Gravitas          Tloc           5%         N/A       32%         3
 Teleport Other           Tloc           5%         N/A       32%         3
 Ice Form                 Ice/Tmut       7%         N/A       65%         4
 Dispersal                Tloc           2%         N/A       100%        6
 Simulacrum               Ice/Necr       2%         N/A       100%        6


Dungeon Overview and Level Annotations

Branches:
Dungeon (9/15)             Temple (1/1) D:6           Sewer (visited)
Ossuary (visited)
   Lair: D:8-11         Orc: D:9-12

Altars:
Ashenzari
Cheibriados
Dithmenos
Elyvilon
Gozag
Hepliaklqana
Kikubaaqudgha
Makhleb
Nemelex Xobeh
Okawaru
Qazlal
Ru
Sif Muna
Trog
Uskayaw
Vehumet
Wu Jian
Xom
Yredelemnul
Zin
The Shining One

Shops:
D:8 *


Innate Abilities, Weirdness & Mutations

You cannot wear most types of armour.
You are amphibious.
You can wear up to eight rings at the same time.
Your skin changes colour to match your surroundings (Stealth+).
Your rubbery body absorbs attacks. (AC +1, EV +1)
((You are camouflaged when in or above water. (Stealth+)))
You have tentacles for arms and can constrict up to eight enemies at once.


Message History

You are engulfed in calcifying dust.
The catoblepas breathes a plume of calcifying dust at you.
The blast of calcifying dust hits you.
You are engulfed in calcifying dust.
The catoblepas gores you! x2
* * * LOW HITPOINT WARNING * * *
You turn to wood and can move again.
You feel much better.
The catoblepas breathes a plume of calcifying dust at you.
The blast of calcifying dust hits you but does no damage.
You feel yourself speed up.
You are engulfed in calcifying dust.
The catoblepas gores you!
You hit the catoblepas but do no damage.
The catoblepas is moderately wounded.
You are engulfed in calcifying dust.
You hit the catoblepas but do no damage.
The catoblepas is moderately wounded.
You are engulfed in calcifying dust.
The catoblepas gores you.
You hit the catoblepas.
The catoblepas is moderately wounded.
You are engulfed in calcifying dust.
You hit the catoblepas.
The catoblepas is moderately wounded.
You are engulfed in calcifying dust.
The catoblepas gores you.
You hit the catoblepas but do no damage.
The catoblepas is moderately wounded.
You are engulfed in calcifying dust.
You are slowing down.
The catoblepas gores you but does no damage.
As you read the scroll labelled DOSMUW IR UTUO, it crumbles to dust.
You feel a strange sense of stasis.
It was a scroll of teleportation.
You are engulfed in calcifying dust.
Your limbs have turned to stone.
You feel less wooden.
You have turned to stone.
You are engulfed in calcifying dust.
The catoblepas gores you!!
* * * LOW HITPOINT WARNING * * *
The catoblepas gores you!!
* * * LOW HITPOINT WARNING * * *
The catoblepas gores you!!!
You die...
Your body crumbles into a pile of gold.

#...###..........####....###
...## #.#.......## ##.#.#
#######.##.....## ###.#
........###)).## #.#
######### ##)## #.# # #.#
#.# # #.# #########.# #
##.###.........# ###
##...##@######### ..#
#.....#Y# #.###### ##...##.#
.......#####.###.#
#.####.....<.....# ..#
#######.##### ### #.#
########.# #####........#


You could see a catoblepas.

Vanquished Creatures
  A boulder beetle (D:8)
  2 two-headed ogres
  2 ugly things (D:8)
  A cyclops (D:8)
  Maggie (D:6)
  A slime creature (D:8)
  A wyvern (D:8)
  A yak (D:8)
  4 steam dragons (D:8)
  Edmund (D:4)
  An acid dragon (D:8)
  A water moccasin (D:7)
  A black bear (D:8)
  4 orc warriors
  A sky beast (D:7)
  An ice beast (D:6)
  3 ogres
  A centaur (D:8)
  A phantom (D:6)
  A kobold brigand (D:8)
  A wyvern zombie (D:6)
  9 bullfrogs
  A scorpion (D:6)
  6 water moccasin zombies (Ossuary)
  A water moccasin skeleton (D:6)
  5 killer bees
  11 wights
  2 howler monkeys (D:8)
  2 centaur zombies
  3 hounds
  Crazy Yiuf (D:2)
  2 orc priests
  4 gnoll shamans
  A centaur skeleton (D:5)
  2 jellies
  A bullfrog skeleton (D:6)
  Ijyb (D:4)
  2 iguanas (D:5)
  7 orc wizards
  Natasha (thrice) (D:2)
  3 killer bee zombies (D:8)
  A hound skeleton (D:4)
  2 mummies (Ossuary)
  2 howler monkey zombies
  13 adders
  7 gnolls
  A howler monkey skeleton (D:6)
  8 river rats (Sewer)
  A shadow imp (D:7)
  An ufetubus (D:5)
  5 adder zombies (Ossuary)
  A worm (D:2)
  2 dart slugs (D:1)
  28 orcs
  7 bats
  9 endoplasms
  5 giant cockroaches
  4 gnoll zombies (Ossuary)
  4 goblins
  5 hobgoblins
  7 jackals
  8 kobolds
  5 quokkas
  15 ball pythons
  6 frilled lizards
  7 hobgoblin zombies (Ossuary)
  3 kobold zombies (Ossuary)
  2 orc zombies (Ossuary)
  21 rats
278 creatures vanquished.

Vanquished Creatures (others)
  A fungus (D:1)
  10 plants
11 creatures vanquished.

Grand Total: 289 creatures vanquished

Notes
Turn   | Place    | Note
-------+----------+-------------------------------------------
     0 | D:1      | VictoriousLee the Octopode Venom Mage began the quest for
                  | the Orb.
     0 | D:1      | Reached XP level 1. HP: 11/11 MP: 3/3
   134 | D:1      | Reached skill level 1 in Unarmed Combat
   227 | D:1      | Reached XP level 2. HP: 8/17 MP: 3/5
   840 | D:1      | Reached XP level 3. HP: 21/21 MP: 4/6
  1229 | D:1      | Found a faded altar of an unknown god.
  1346 | D:2      | Found a runed translucent door.
  1347 | D:2      | Noticed Crazy Yiuf
  1365 | D:2      | Killed Crazy Yiuf
  1366 | D:2      | Reached XP level 4. HP: 27/27 MP: 3/7
  1729 | D:2      | Found a burning altar of Makhleb.
  1762 | D:2      | Noticed Natasha
  1767 | D:2      | Killed Natasha
  1858 | D:2      | You fall into a shaft and drop 1 floor!
  1876 | D:3      | Reached XP level 5. HP: 17/31 MP: 2/8
  2316 | D:2      | Noticed Natasha
  2324 | D:2      | Killed Natasha
  2759 | D:2      | Noticed Natasha
  2821 | D:2      | Killed Natasha
  2822 | D:2      | Reached skill level 5 in Unarmed Combat
  3867 | D:3      | Reached XP level 6. HP: 28/36 MP: 4/9
  4171 | D:3      | Learned a level 2 spell: Poisonous Vapours
  4189 | D:4      | Found a sand-covered staircase.
  4205 | D:4      | Reached skill level 5 in Poison Magic
  4350 | Ossuary  | Entered an ossuary
  4619 | Ossuary  | Reached XP level 7. HP: 36/41 MP: 10/10
  5362 | D:4      | Noticed Edmund
  5381 | D:4      | Killed Edmund
  5460 | D:4      | Noticed Ijyb
  5577 | D:4      | Reached XP level 8. HP: 46/46 MP: 11/11
  6180 | D:4      | Killed Ijyb
  6414 | D:4      | Learned a level 4 spell: Olgreb's Toxic Radiance
  6417 | D:4      | Learned a level 2 spell: Passwall
  6427 | D:5      | Entered Level 5 of the Dungeon
  6579 | D:5      | Reached skill level 1 in Earth Magic
  6882 | D:5      | Noticed a two-headed ogre
  6900 | D:5      | Killed a two-headed ogre
  6901 | D:5      | Reached XP level 9. HP: 29/51 MP: 4/15
  7336 | D:5      | Reached skill level 5 in Spellcasting
  7747 | D:5      | Learned a level 3 spell: Mephitic Cloud
  7848 | D:6      | Found a glowing drain.
  7872 | Sewer    | Entered a sewer
  7946 | Sewer    | Reached skill level 5 in Earth Magic
  8020 | Sewer    | Reached skill level 1 in Conjurations
  8229 | Sewer    | Reached skill level 2 in Conjurations
  8413 | D:6      | Found a staircase to the Ecumenical Temple.
  8422 | Temple   | Entered the Ecumenical Temple
  8675 | Temple   | Became a worshipper of Gozag Ym Sagoz the Greedy
  8744 | D:6      | Reached skill level 3 in Conjurations
  8870 | D:6      | Noticed Maggie
  8950 | D:6      | Killed Maggie
  8951 | D:6      | Reached skill level 4 in Conjurations
  8958 | D:6      | Learned a level 3 spell: Stone Arrow
  9309 | D:6      | Reached skill level 5 in Conjurations
  9946 | D:6      | Reached skill level 6 in Conjurations
 10474 | D:7      | Reached skill level 7 in Conjurations
 10477 | D:7      | Reached XP level 10. HP: 31/56 MP: 8/17
 10854 | D:7      | Reached skill level 10 in Conjurations
 10854 | D:7      | Reached XP level 11. HP: 75/75 MP: 15/18
 11643 | D:8      | Reached skill level 11 in Conjurations
 12954 | D:8      | Reached skill level 1 in Maces & Flails
 13408 | D:8      | Noticed a cyclops
 13533 | D:8      | Noticed a cyan ugly thing
 13674 | D:8      | Noticed a cyan ugly thing
 13922 | D:8      | Killed a cyan ugly thing
 13923 | D:8      | Killed a cyclops
 13927 | D:8      | Killed a cyan ugly thing
 14003 | D:9      | Noticed a two-headed ogre
 14003 | D:9      | Noticed a two-headed ogre
 14012 | D:9      | Noticed a boulder beetle
 14012 | D:9      | Noticed a two-headed ogre
 14019 | D:8      | Killed a two-headed ogre
 14123 | D:8      | Killed a boulder beetle
 14365 | D:9      | Noticed a catoblepas
 14409 | D:7      | HP: 2/80 [catoblepas (15)]
 14410 | D:7      | Demolished by a catoblepas

Illustrated notes

Levels and vault maps discovered:
D:1:      tarquinn_simple_flora_water_d, layout_loops_ring,
          dreamdust_ecumenical_altar_hidden_monk_grotto
D:2:      layout_basic, basic_altar, uniq_crazy_yiuf_cottage, uniq_natasha
D:3:      layout_loops_ring, nrook_mini_backslash
D:4:      layout_basic, nicolae_ossuary_entry_plus, serial_bayou_ford_a,
          uniq_ijyb, uniq_edmund
D:5:      layout_loops_ring
D:6:      layout_loops_corners, minmay_temple_entry_poolview,
          gup_sewer_entry_pipe, minmay_holes, uniq_maggie
D:7:      layout_loops_corners
D:8:      nzn_winding_woodlands_large [nzn_winding_woodlands_5x5_checkerboard,
          nzn_winding_woodlands_5x15_pockets, nzn_winding_woodlands_hourglass,
          nzn_winding_woodlands_center_pierced_h,
          nzn_winding_woodlands_15x15_boxy_spiral,
          nzn_winding_woodlands_center_garden,
          nzn_winding_woodlands_5x5_open_star,
          nzn_winding_woodlands_5x15_sidewinder,
          nzn_winding_woodlands_5x5_default], layout_rooms, kennysheep_path_1,
          kennysheep_nondescript
D:9:      layout_rooms, minivault_22
Temple:   regret_index_temple_sigil_plot

Skill      XL: |  1  2  3  4  5  6  7  8  9 10 11 |
---------------+----------------------------------+-----
Unarmed Combat | 1 2 3 4 5 |  5.9
Poison Magic   | 4 6 9 |  9.0
Earth Magic    | 4 5 |  5.0
Spellcasting   | 4 5 |  5.0
Conjurations   | 7 10 11 | 11.6
Fighting       | 7 9 |  9.3
Maces & Flails | 4 |  4.0
Dodging        | |  2.0
Stealth        | |  2.6
Transmutations | |  1.0

Action                   |  1- 3 |  4- 6 |  7- 9 | 10-12 || total
-------------------------+-------+-------+-------+-------++-------
Melee: Unarmed           |     4 |    12 |       |       ||    16
       Tentacles         |     7 |    20 |    61 |    33 ||   121
       Whip              |    34 |    92 |   228 |    22 ||   376
       Punch             |     3 |     4 |    12 |    12 ||    31
       Constrict         |    10 |    22 |    53 |    25 ||   110
       Falchion          |       |       |     9 |   114 ||   123
 Cast: Sting             |    25 |    40 |     8 |     2 ||    75
       Poisonous Vapours |       |     7 |    25 |       ||    32
       Olgreb's Toxic Ra |       |       |    26 |    24 ||    50
       Stone Arrow       |       |       |     5 |    32 ||    37
Invok: Call Merchant     |       |       |       |     1 ||     1
Evoke: Wand              |       |       |     9 |     1 ||    10
  Use: Potion            |       |     4 |     5 |     9 ||    18
       Scroll            |       |       |     9 |     6 ||    15
 Stab: Sleeping          |     2 |     5 |    13 |     4 ||    24
       Distracted        |       |       |     4 |     1 ||     5
Armor: Skin              |     1 |     9 |    16 |    24 ||    50
Dodge: Dodged            |    35 |    78 |   129 |    85 ||   327
Block: Other             |       |       |    12 |     3 ||    15
       Orb               |       |       |       |    36 ||    36
       Reflection        |       |       |       |     2 ||     2
